 Dungeon Crawl Stone Soup version 0.31-a0-920-g28cbb04a8c (webtiles) character file.

Game seed: 3396395338558980116

45930 Dirtsage the Brawler (level 14, -7/137 (144) HPs)
             Began as a Troll Shapeshifter on Oct 17, 2023.
             Was an Elder of Jiyva.
             Killed from afar by a necromancer (34 damage)
             ... with a bolt of negative energy
             ... in an ice cave.
             The game lasted 00:35:30 (12531 turns).

Dirtsage the Brawler (Troll Shapeshifter)          Turns: 12531, Time: 00:35:31

HP:   -7/137 (144)  AC:  9    Str: 27    XL:     14   Next: 2%
MP:   10/13         EV: 10    Int:  4    God:    Jiyva [****..]
Gold: 894           SH: 16    Dex: 11    Spells: 13/13 levels left

rFire   x .          .
                       - Unarmed
rCold   + . .        k - +0 kite shield
rNeg    . . .        S - +0 troll leather armour
rPois   .            N - +2 hat of Uhuefiwn {*Slow rElec Int-2 SInv}
rElec   +            G - +0 cloak
rCorr   +            (gloves unavailable)
SInv    +            (boots unavailable)
Will    +....        f - amulet of reflection
Stlth   ++           M - ring of ice
HPRegen 3.30/turn    u - +4 ring of slaying
MPRegen 0.53/turn

%: slow self (1%), reflection
@: calling ooze, lightly drained
A: large, unfitting armour, claws 3, regeneration 1, shaggy fur 1, tough skin 1,
electricity resistance, acidic bite, gelatinous body 1, translucent skin 3,
tendrils, jelly absorbing missiles
a: Renounce Religion, Oozemancy, Slimify


You were in an ice cave.
You worshipped Jiyva.
Jiyva was greatly pleased with you.
You visited 3 branches of the dungeon, and saw 18 of its levels.
You also visited: Ossuary, Gauntlet and Ice Cave.

You collected 894 gold pieces.

Inventory:

Missiles
 I - 6 throwing nets
 R - 3 curare-tipped darts
Armour
 a - a +1 animal skin
 k - a +0 kite shield (worn)
 G - a +0 cloak (worn)
 N - the +2 hat of Uhuefiwn (worn) {*Slow rElec Int-2 SInv}
   (You found it in a Gauntlet)

   Int-2:     It affects your intelligence (-2).
   rElec:     It insulates you from electricity.
   SInv:      It lets you see invisible.
   *Slow:     It may slow you when you take damage.
 S - a +0 troll leather armour (worn)
Magical Staves
 b - the staff "Powaenwoc" {Str+2 Conj}
   (You found it on level 5 of the Lair of Beasts)

   [staff of conjuration]

   Base accuracy: +5 Base damage: 5 Base attack delay: 1.2 This weapon's minimum
   attack delay (0.6) is reached at skill level 12.
   Str+2:     It affects your strength (+2).
   Conj:      It increases the power of your Conjurations spells.
   It falls into the 'Staves' category.
   It is a one-clawed weapon.
 O - a staff of earth
Jewellery
 e - a ring of willpower
 f - an amulet of reflection (around neck)
 u - a +4 ring of slaying (right claw)
 x - a +6 ring of strength
 y - an amulet of faith
 M - a ring of ice (left claw)
 P - a ring of poison resistance
 W - a ring of wizardry
Talismans
 c - a beast talisman
 d - a flux talisman
 i - a storm talisman
Wands
 p - a wand of quicksilver (6)
 A - a wand of mindburst (45)
 H - a wand of paralysis (19)
 T - a wand of flame (5)
Scrolls
 g - a scroll of fear
 m - a scroll of poison
 q - 2 scrolls of amnesia
 t - 6 scrolls of teleportation
 v - 3 scrolls of enchant weapon
 w - a scroll of fog
 B - a scroll of blinking
 D - 4 scrolls of enchant armour
 K - 2 scrolls of summoning
 Q - a scroll of revelation
Potions
 h - 4 potions of haste
 j - 3 potions of curing {unknown}
 l - a potion of heal wounds
 n - 3 potions of resistance
 o - a potion of invisibility {unknown}
 r - 6 potions of brilliance
 s - a potion of mutation {unknown}
 z - 2 potions of enlightenment
 C - 3 potions of might {unknown}
 E - 4 potions of attraction
 F - 2 potions of magic {unknown}
 J - a potion of ambrosia {unknown}
 L - a potion of degeneration {unknown}


   Skills:
 + Level 10.4 Fighting
 + Level 1.5 Armour
 + Level 2.3 Dodging
 + Level 11.0 Shields
 - Level 17.0 Unarmed Combat
 * Level 5.4 Shapeshifting


You had 13 spell levels left.
You didn't know any spells.
Your spell library contained the following spells:

 Spells                   Type           Power      Damage    Failure   Level
 Apportation              Tloc           0%         N/A       71%         1
 Slow                     Hex            0%         N/A       71%         1
 Blink                    Tloc           0%         N/A       83%         2
 Cigotuvi's Dreadful Rot  Necr/Pois/Air  0%         N/A       83%         2
 Ensorcelled Hibernation  Hex/Ice        0%         N/A       83%         2
 Jinxbite                 Hex            0%         N/A       83%         2
 Lesser Beckoning         Tloc           0%         N/A       83%         2
 Momentum Strike          Conj/Tloc      0%         3d8       83%         2
 Passwall                 Tmut/Erth      0%         N/A       83%         2
 Static Discharge         Conj/Air       0%         2-2/arc   83%         2
 Confusing Touch          Hex            0%         N/A       97%         3
 Sigil of Binding         Hex            0%         N/A       97%         3
 Swiftness                Air            0%         N/A       97%         3
 Vampiric Draining        Necr           0%         2d6       97%         3
 Airstrike                Air            0%         2d(0-16)  100%        4
 Brom's Barrelling Bould  Conj/Erth      0%         2d3       100%        4
 Dispel Undead            Necr           0%         3d6       100%        4
 Manifold Assault         Tloc           0%         N/A       100%        4
 Summon Lightning Spire   Summ/Air       0%         N/A       100%        4
 Alistair's Intoxication  Tmut/Pois      0%         N/A       100%        5
 Borgnjor's Vile Clutch   Necr/Erth      0%         N/A       100%        5
 Fireball                 Conj/Fire      0%         3d3       100%        5
 Iskenderun's Battlesphe  Conj           0%         2d6       100%        5
 Conjure Ball Lightning   Conj/Air       0%         3x3d6     100%        6
 Death Channel            Necr           0%         N/A       100%        6
 Dispersal                Tloc           0%         N/A       100%        6
 Eringya's Noxious Bog    Tmut/Pois      0%         4d6       100%        6
 Orb of Destruction       Conj           0%         9d5       100%        7
 Disjunction              Tloc           0%         N/A       100%        8


Dungeon Overview and Level Annotations

Branches:
Dungeon (12/15)            Temple (1/1) D:7            Lair (5/5) D:8
  Swamp (0/4) Lair:3       Spider (0/4) Lair:3        Slime (0/5) Lair:5
    Orc (0/2) D:9         Ossuary (visited)           IceCv (1/1)
Gauntlet (visited)

Altars:
Ashenzari
Cheibriados
Dithmenos
Elyvilon
Fedhas
Gozag
Hepliaklqana
Kikubaaqudgha
Makhleb
Nemelex Xobeh
Okawaru
Qazlal
Ru
Sif Muna
Trog
Uskayaw
Vehumet
Wu Jian
Xom
Yredelemnul
Zin
The Shining One
Jiyva

Shops:
D:5 =

Annotations:
D:6 3 runed translucent doors, Flippered's ghost, novice DESu
Lair:1 exclusion: oklob plant


Innate Abilities, Weirdness & Mutations

You are too large for most types of armour.
You have claws for hands.
Your natural rate of healing is unusually fast.
You are covered in fur. (AC +1)
You have tough skin. (AC +1)
You are resistant to electric shocks. (rElec)
You have acidic saliva.
Your rubbery body absorbs attacks. (AC +1, EV +1)
Your transparent skin significantly reduces your foes' accuracy. (Stealth+)
You are covered in slimy tendrils that may disarm your opponents.
You have a small jelly attached to you that may absorb projectiles.


Message History

The freezing wraith hits you but does no damage.
You regained 3 hp, and now have 54/144 hp.
You scratch the freezing wraith.
You bite the freezing wraith, but do no damage.
The freezing wraith is lightly damaged.
You hear a slurping noise.
The freezing wraith hits you but does no damage.
You block the freezing wraith's attack.
You regained 3 hp, and now have 57/144 hp.
You barely miss the freezing wraith.
You bite the freezing wraith, but do no damage.
The freezing wraith is lightly damaged.
You regained 2 hp, and now have 59/144 hp.
You claw the freezing wraith!
The freezing wraith is heavily damaged.
You block the ice devil's attack. The freezing wraith closely misses you.
You block the freezing wraith's attack.
You regained 3 hp, and now have 62/144 hp.
You closely miss the freezing wraith.
The freezing wraith is heavily damaged.
The ice devil hits you! The ice devil freezes you! You resist.
* * * LOW HITPOINT WARNING * * *
The freezing wraith hits you.
* * * LOW HITPOINT WARNING * * *
The freezing wraith freezes you. You resist.
* * * LOW HITPOINT WARNING * * *
You block the freezing wraith's attack.
You take 29 damage, and have 33/144 hp.
MASSIVE DAMAGE!!
Activating: Oozemancy (5% risk of failure)
Press: ? - help, Dir - look around, f - activate Slime begins to ooze from the nearby walls!
The walls burn the ice devil!
You block the ice devil's attack.
The walls burn the freezing wraith!
The freezing wraith misses you. The freezing wraith hits you!
* * * LOW HITPOINT WARNING * * *
The walls burn the necromancer!
The necromancer gestures at you while chanting.
The bolt of negative energy misses the freezing wraith.
The bolt of negative energy hits you!!
You feel drained.
You die...

#..#
######..##
##.## ##..###
##..#
#..##.##
#..##
#..#...#
##.##
###.J#....
##..#
##.###...#..
#..##
#....###..#..
##..##......
#####8
##@##....# #.
#4W#....# #.
##pWW...# #.
#......# #8
##.....# ##
###....# #
##...... #
##...# ..##


You could see an ice devil, 2 freezing wraiths and a necromancer.

Vanquished Creatures
  An eleionoma (Lair:3)
  A minotaur (Gauntlet)
  A fire dragon (Lair:5)
  Snorg (Lair:3)
  Harold (D:9)
  4 hydras
  A catoblepas (Lair:4)
  Urug (Lair:3)
  Sonja (D:10)
  Amaemon (Lair:3)
  A skyshark (Lair:5)
  An arcanist (Gauntlet)
  Pikel (D:7)
  An occultist (Gauntlet)
  A lindwurm (Lair:5)
  A cyclops (D:12)
  5 black mambas
  Maurice (D:8)
  An apocalypse crab (Gauntlet)
  An ice statue (IceCv)
  2 molten gargoyles (Lair:5)
  An orange demon (Lair:3)
  10 cane toads
  3 rime drakes
  7 komodo dragons
  Jeremiah (Lair:1)
  2 anaconda simulacra (IceCv)
  3 freezing wraiths (IceCv)
  A minotaur zombie (Gauntlet)
  9 ice devils (IceCv)
  A kobold demonologist (D:7)
  5 trolls
  Prince Ribbit (D:7)
  9 blink frogs
  4 dream sheep
  A shadow (D:11)
  3 wyverns
  6 wraiths
  Grum (D:8)
  2 dire elephant simulacra (IceCv)
  Eustachio (D:6)
  3 vampire mosquitoes (D:12)
  2 steam dragons
  31 yaks
  5 basilisks
  3 wargs
  3 harpy simulacra (IceCv)
  4 death yak simulacra (IceCv)
  17 water moccasins
  3 hell hounds
  A black bear (D:7)
  An orc warrior (D:8)
  A sky beast (D:7)
  A centaur (D:9)
  11 wolves
  3 phantoms
  4 kobold brigands
  11 bullfrogs
  A gnoll sergeant (D:10)
  6 cane toad simulacra (IceCv)
  2 scorpions
  8 wights (D:8)
  7 elephant simulacra (IceCv)
  5 killer bees (D:8)
  An electric eel (Lair:3)
  4 howler monkeys
  6 lava snakes
  3 orc priests
  3 hounds
  3 jellies
  2 gnoll boudas
  Ijyb (D:3)
  Jessica (D:2)
  Terence (D:2)
  Natasha (D:2)
  3 iguanas
  8 orc wizards
  3 polar bear simulacra (IceCv)
  2 troll simulacra (IceCv)
  A mummy (Ossuary)
  Robin (D:3)
  12 gnolls
  3 adders
  2 naga simulacra (IceCv)
  2 shadow imps (Gauntlet)
  4 white imps
  2 ufetubi (IceCv)
  3 worms
  4 dart slugs
  35 orcs
  5 endoplasms
  5 giant cockroaches
  9 hobgoblins
  5 jackals (D:1)
  3 quokkas
  8 ball pythons
  5 bats
  A frilled lizard (D:1)
  6 gnoll skeletons (Ossuary)
  7 goblins
  22 kobolds
  4 kobold skeletons (Ossuary)
  15 orc skeletons (Ossuary)
  5 rats
444 creatures vanquished.

Vanquished Creatures (collateral kills)
  Josephine (Lair:5)
  A boulder beetle (D:12)
  A cyclops (D:12)
  2 wraiths
  A vampire mosquito (D:12)
6 creatures vanquished.

Vanquished Creatures (others)
  A water moccasin (Lair:3)
  A kobold brigand (D:7)
  2 bullfrogs
  A scorpion (D:7)
  12 jellies
  2 gnolls
  A worm (D:9)
  3 orcs (D:7)
  A hobgoblin (D:3)
24 creatures vanquished.

Grand Total: 474 creatures vanquished

Notes
Turn   | Place    | Note
-------+----------+-------------------------------------------
     0 | D:1      | Dirtsage the Troll Shapeshifter began the quest for the
                  | Orb.
     0 | D:1      | Reached XP level 1. HP: 18/18 MP: 0/0
   131 | D:1      | Reached XP level 2. HP: 26/26 MP: 1/1
   153 | D:1      | Reached skill level 1 in Fighting
   434 | D:1      | Reached XP level 3. HP: 33/33 MP: 2/2
   937 | D:2      | Reached skill level 4 in Unarmed Combat
  1037 | D:2      | Noticed Jessica
  1041 | D:2      | Killed Jessica
  1042 | D:2      | Reached XP level 4. HP: 41/41 MP: 3/3
  1051 | D:2      | Noticed Terence
  1064 | D:2      | Killed Terence
  1065 | D:2      | Reached XP level 5. HP: 37/49 MP: 4/4
  1178 | D:2      | Noticed Natasha
  1183 | D:2      | Killed Natasha
  1546 | D:3      | Found a shimmering altar of Xom.
  1552 | D:3      | Found a shimmering altar of Xom.
  1553 | D:3      | Found a shimmering altar of Xom.
  1737 | D:3      | Noticed Ijyb
  1738 | D:3      | Noticed Robin
  1750 | D:3      | Killed Ijyb
  1751 | D:3      | Reached skill level 5 in Unarmed Combat
  1757 | D:3      | Killed Robin
  1847 | D:4      | Reached XP level 6. HP: 57/57 MP: 5/5
  1973 | D:4      | Found a sand-covered staircase.
  1978 | Ossuary  | Entered an ossuary
  1978 | Ossuary  | Noticed a wraith
  1978 | Ossuary  | Noticed a wraith
  1978 | Ossuary  | Noticed a wraith
  2048 | Ossuary  | Noticed a wraith
  2054 | Ossuary  | Killed a wraith
  2055 | Ossuary  | Reached skill level 1 in Shields
  2191 | D:4      | Reached XP level 7. HP: 66/66 MP: 6/6
  2242 | D:4      | Reached skill level 6 in Unarmed Combat
  2340 | D:4      | Found a glowing silver altar of Zin.
  2341 | D:4      | Found a blossoming altar of Fedhas.
  2453 | D:5      | Entered Level 5 of the Dungeon
  2620 | D:5      | Found Zurowy's Jewellery Boutique.
  2915 | D:5      | Found a broken altar of Ashenzari.
  3377 | D:6      | Reached skill level 7 in Unarmed Combat
  3473 | D:6      | Reached XP level 8. HP: 73/76 MP: 7/7
  3577 | D:6      | Found a runed translucent gate.
  3577 | D:6      | Found a runed translucent gate.
  3577 | D:6      | Found a runed translucent gate.
  3581 | D:6      | Noticed Flippered's ghost (novice DESu)
  3629 | D:6      | Noticed Eustachio
  3642 | D:6      | Killed Eustachio
  3676 | D:6      | Found a basalt altar of Yredelemnul.
  3855 | D:7      | Reached skill level 8 in Unarmed Combat
  3933 | D:7      | Found an opulent altar of Gozag.
  3966 | D:7      | Noticed a kobold demonologist
  3969 | D:7      | Noticed Prince Ribbit
  3979 | D:7      | Killed a kobold demonologist
  3980 | D:7      | Reached XP level 9. HP: 81/85 MP: 8/8
  3982 | D:7      | Killed Prince Ribbit
  3983 | D:7      | Reached skill level 9 in Unarmed Combat
  4136 | D:7      | Reached skill level 5 in Fighting
  4229 | D:7      | Found a staircase to the Ecumenical Temple.
  4239 | Temple   | Entered the Ecumenical Temple
  4342 | D:7      | Noticed Pikel
  4358 | D:7      | Killed Pikel
  4359 | D:7      | Reached skill level 5 in Shields
  4415 | D:7      | Found a stormy altar of Qazlal.
  4664 | D:8      | Noticed Maurice
  4666 | D:8      | Paralysed by Maurice for 3 turns
  4676 | D:8      | Killed Maurice
  4677 | D:8      | Reached skill level 10 in Unarmed Combat
  4741 | D:8      | Found a staircase to the Lair.
  4741 | D:8      | Noticed Grum
  4811 | D:8      | Reached XP level 10. HP: 96/98 MP: 9/9
  4955 | D:8      | Reached skill level 11 in Unarmed Combat
  5046 | D:8      | Saving game... please wait.
  5362 | D:8      | Killed Grum
  5759 | IceCv    | Identified the "Tefrip"
  5759 | Lair:1   | Entered Level 1 of the Lair of Beasts
  5948 | Lair:1   | Reached skill level 12 in Unarmed Combat
  6081 | Lair:1   | Noticed an oklob plant
  6101 | Lair:1   | Reached XP level 11. HP: 68/109 MP: 10/10
  6212 | Lair:1   | Noticed Jeremiah
  6257 | Lair:1   | Killed Jeremiah
  6971 | Lair:4   | Noticed a catoblepas
  6986 | Lair:4   | Killed a catoblepas
  6987 | Lair:4   | Reached skill level 13 in Unarmed Combat
  7281 | Lair:5   | Entered Level 5 of the Lair of Beasts
  7322 | Lair:5   | Noticed a skyshark
  7330 | Lair:5   | HP: 3/111 [skyshark (3)]
  7331 | Lair:5   | Killed a skyshark
  7335 | Lair:5   | Noticed a four-headed hydra
  7346 | Lair:5   | Killed a four-headed hydra
  7386 | Lair:5   | Noticed Josephine
  7391 | Lair:5   | Reached skill level 14 in Unarmed Combat
  7397 | Lair:5   | Killed Josephine
  7398 | Lair:5   | Reached XP level 12. HP: 63/120 MP: 11/11
  7403 | Lair:5   | Found a gate leading to a gauntlet.
  7412 | Gauntlet | Entered a Gauntlet
  7412 | Gauntlet | Found a large runed translucent door.
  7412 | Gauntlet | Found a large runed translucent door.
  7412 | Gauntlet | Found a large runed translucent door.
  7412 | Gauntlet | Found a large runed translucent door.
  7412 | Gauntlet | Found a large runed translucent door.
  7412 | Gauntlet | Found a large runed translucent door.
  7412 | Gauntlet | Found a large runed translucent door.
  7412 | Gauntlet | Found a large runed translucent door.
  7412 | Gauntlet | Found a runed translucent door.
  7412 | Gauntlet | Found a runed translucent gate.
  7412 | Gauntlet | Found a transporter.
  7412 | Gauntlet | Found a transporter.
  7412 | Gauntlet | Found a runed translucent gate.
  7412 | Gauntlet | Found a transporter.
  7412 | Gauntlet | Found a transporter.
  7426 | Gauntlet | Found a transporter.
  7465 | Gauntlet | Found a transporter.
  7469 | Gauntlet | Found a transporter.
  7493 | Gauntlet | Found a transporter.
  7495 | Gauntlet | Found a runed translucent gate.
  7496 | Gauntlet | Found a large runed translucent door.
  7496 | Gauntlet | Found a large runed translucent door.
  7497 | Gauntlet | Found a large runed translucent door.
  7498 | Gauntlet | Found a large runed translucent door.
  7501 | Gauntlet | Found a large runed translucent door.
  7501 | Gauntlet | Found a large runed translucent door.
  7501 | Gauntlet | Found a runed translucent door.
  7502 | Gauntlet | Found a large runed translucent door.
  7503 | Gauntlet | Found a large runed translucent door.
  7534 | Gauntlet | Found a transporter.
  7544 | Gauntlet | Found a transporter.
  7559 | Gauntlet | Found a transporter.
  7569 | Gauntlet | Found a transporter.
  7580 | Gauntlet | Found the +1 cloak of Starlight {*Dazzle EV+4 Stlth--}
  7690 | Gauntlet | Identified the +2 hat of Uhuefiwn {*Slow rElec Int-2 SInv}
  7787 | Gauntlet | Noticed a minotaur
  7800 | Gauntlet | Killed a minotaur
  7998 | Lair:5   | Noticed an eight-headed hydra
  8012 | Lair:5   | Found a viscous altar of Jiyva.
  8013 | Lair:5   | Found a staircase to the Slime Pits.
  8020 | Lair:5   | Became a worshipper of Jiyva Jaxenu the Shapeless
  8198 | Lair:3   | Noticed Amaemon
  8223 | Lair:2   | Noticed an eight-headed hydra
  8319 | Lair:3   | Noticed a seven-headed hydra
  8327 | Lair:3   | Killed a nine-headed hydra
  8328 | Lair:3   | Reached skill level 15 in Unarmed Combat
  8343 | Lair:3   | Reached * piety under Jiyva
  8362 | Lair:3   | Noticed an eleionoma
  8375 | Lair:3   | Killed an eleionoma
  8397 | Lair:3   | Found a staircase to the Swamp.
  8480 | Lair:3   | Killed Amaemon
  8591 | Lair:3   | Noticed Urug
  8598 | Lair:3   | Killed Urug
  8611 | Lair:3   | Found a hole to the Spider Nest.
  8615 | Lair:3   | Noticed Snorg
  8625 | Lair:3   | Killed Snorg
  8868 | Lair:3   | Reached ** piety under Jiyva
  9805 | Lair:5   | Reached XP level 13. HP: 130/131 MP: 12/12
  9863 | Lair:5   | Reached skill level 10 in Shields
  9905 | Lair:5   | Reached *** piety under Jiyva
 10092 | Lair:5   | Gained mutation: You are resistant to electric shocks.
                  | (rElec) [Jiyva's grace]
 10092 | Lair:5   | Gained mutation: You have a small jelly attached to you
                  | that may absorb projectiles. [Jiyva's grace]
 10092 | Lair:5   | Gained mutation: You are covered in slimy tendrils that may
                  | disarm your opponents. [Jiyva's grace]
 10092 | Lair:5   | Gained mutation: You have acidic saliva. [Jiyva's grace]
 10144 | Lair:5   | Reached skill level 16 in Unarmed Combat
 10220 | Lair:5   | Noticed a fire dragon
 10296 | Lair:5   | Found a large runed translucent door.
 10296 | Lair:5   | Found a large runed translucent door.
 10334 | Lair:5   | Killed a fire dragon
 10344 | Lair:5   | Identified the staff "Powaenwoc" {Str+2 Conj}
 10662 | D:9      | Noticed Harold
 10673 | D:9      | Killed Harold
 10735 | D:9      | Found a hide-covered altar of Uskayaw.
 10877 | D:9      | Found a burning altar of Makhleb.
 10935 | D:9      | Reached **** piety under Jiyva
 10937 | D:9      | Found an ornate altar of the Wu Jian Council.
 10981 | D:9      | Found a staircase to the Orcish Mines.
 11085 | D:9      | Found a snail-covered altar of Cheibriados.
 11235 | D:10     | Entered Level 10 of the Dungeon
 11268 | D:10     | Identified the +3 flail of the Shifting Mosquito {vamp, rC+
                  | Dex+4}
 11310 | D:10     | Reached skill level 10 in Fighting
 11520 | D:10     | Noticed Sonja
 11526 | D:10     | Killed Sonja
 11843 | D:11     | Reached ***** piety under Jiyva
 11960 | D:11     | Gained mutation: Your translucent skin slightly reduces
                  | your foes' accuracy. (Stealth+) [Jiyva's grace]
 11960 | D:11     | Gained mutation: Your translucent skin reduces your foes'
                  | accuracy. (Stealth+) [Jiyva's grace]
 11960 | D:11     | Gained mutation: Your transparent skin significantly
                  | reduces your foes' accuracy. (Stealth+) [Jiyva's grace]
 11960 | D:11     | Gained mutation: Your rubbery body absorbs attacks. (AC +1,
                  | EV +1) [Jiyva's grace]
 12218 | D:12     | Reached skill level 17 in Unarmed Combat
 12225 | D:12     | Found a frozen archway.
 12241 | IceCv    | Entered an ice cave
 12373 | IceCv    | Found an ancient bone altar of Kikubaaqudgha.
 12390 | IceCv    | Reached skill level 1 in Armour
 12391 | IceCv    | Reached skill level 5 in Shapeshifting
 12428 | IceCv    | Reached XP level 14. HP: 141/144 MP: 13/13
 12531 | IceCv    | Killed from afar by a necromancer

Illustrated notes

Levels and vault maps discovered:
D:1:      psy_arrival_radial01, layout_loops_cross
D:2:      layout_rooms, serial_forest, infiniplex_forest_clump_tiny,
          infiniplex_forest_clump_curved, infiniplex_forest_end_2,
          infiniplex_forest_straight_1, infiniplex_forest_lined_corner,
          infiniplex_forest_join, grunt_ministairs_13, uniq_jessica,
          uniq_natasha, uniq_terence
D:3:      layout_basic, xom_redecorated, nicolae_goblin_pals
D:4:      layout_cave_pools, gammafunk_temple_overflow_statue, enter_ossuary_5
D:5:      layout_basic, evilmike_ruin_ashenzari, serial_shops,
          nicolae_take_the_stairs
D:6:      layout_basic, mainiacjoe_overflow_brackets, gammafunk_ghost_split,
          minmay_unpleasant_kobolds, uniq_eustachio
D:7:      layout_loops_cross, overflow_temple_1_default,
          mainiacjoe_overflow_alcove_2, temple_green, lightli_orcish_oven,
          uniq_pikel, uniq_prince_ribbit1
D:8:      layout_basic, erik_lair_orcish_takeover, minivault_26, minivault_10,
          nrook_pool_corridor, serial_park_tiny_2, uniq_grum, uniq_maurice
D:9:      layout_long_grid, slow_altar_2, nicolae_wu_jian_immortal_techniques,
          nicolae_uskayaw_suspiria, lightli_temple_of_fire, david_orc_3,
          uniq_harold
D:10:     layout_rooms, uniq_sonja
D:11:     layout_roguey
D:12:     layout_basic, enter_trove_5, portal_ice_cave_entry_pillars_1
Temple:   minmay_freezing_vapour_temple
Lair:1:   layout_cave_pods, uniq_jeremiah
Lair:2:   regret_index_tunnel_blossom, layout_cave_pods,
          small_statue_intersection, eino_house_with_fridge
Lair:3:   layout_cave_pods, alex1729_swamp_entry_worm_eleionoma,
          spider_nest_entry_web_field, mumra_transporter_accident,
          serial_bayou_shore_a, lemuel_fruit_tree, uniq_amaemon, uniq_snorg,
          uniq_urug
Lair:4:   layout_gridlike, chequers_serial_rivers_large_b,
          infiniplex_staircase_pool
Lair:5:   cheibrodos_lair_end_hotspot, layout_hall_layers, slime_entry_1,
          gauntlet_entry_generic, uniq_josephine
IceCv:    ice_cave_small_necro

Skill      XL: |  1  2  3  4  5  6  7  8  9 10 11 12 13 |
---------------+----------------------------------------+-----
Fighting       | 1 2 3 4 5 7 8 9 10 | 10.4
Unarmed Combat | 4 5 7 8 10 12 14 15 17 | 17.0
Shapeshifting  | 4 5 |  5.4
Shields        | 1 3 4 5 7 8 9 11 | 11.0
Dodging        | 2 |  2.3
Armour         | 1 |  1.5

Action                     |  1- 3 |  4- 6 |  7- 9 | 10-12 | 13-15 || total
---------------------------+-------+-------+-------+-------+-------++-------
  Melee: Unarmed           |    81 |   111 |   202 |   416 |   348 ||  1158
         Punch             |     1 |       |       |       |       ||     1
         Bite              |       |       |       |       |    41 ||    41
  Throw: Dart              |       |       |       |       |     1 ||     1
 Invoke: Oozemancy         |       |       |       |       |     3 ||     3
  Evoke: Wand              |       |       |     1 |     4 |     4 ||     9
    Use: Scroll            |     3 |     1 |     1 |    12 |     5 ||    22
         Potion            |       |       |     2 |     3 |     4 ||     9
   Stab: Sleeping          |       |       |       |     1 |       ||     1
         Petrified         |       |       |       |     5 |       ||     5
         Paralysed         |       |       |       |     2 |     4 ||     6
         Held in net/web   |       |       |       |     2 |       ||     2
 Armour: Animal skin       |    33 |    42 |   101 |   198 |    93 ||   467
         Skin              |       |       |       |     8 |     5 ||    13
         Troll leather arm |       |       |       |       |   180 ||   180
  Dodge: Dodged            |    30 |    19 |    51 |    91 |   103 ||   294
  Block: Other             |    15 |     2 |       |       |       ||    17
         Kite shield       |       |    51 |   110 |   267 |   261 ||   689
         Reflection        |       |     2 |     7 |     5 |    10 ||    24
         Form:             |       |       |       |     1 |       ||     1

Table legend: (Time is in decaauts)
 A = Elapsed time spent in this place.
 B = Non-inter-level travel time spent in this place.
 C = Inter-level travel time spent in this place.
 D = Time resting spent in this place.
 E = Time spent auto-exploring this place.
 F = Levels seen in this place.
 G = Mean time per level.
                   A        B        C        D        E       F      G
               +--------+--------+--------+--------+--------+-----+--------+
         Total |  12368 |  11615 |    753 |    207 |   8644 |  21 |  589.0 |
       Dungeon |   7107 |   6710 |    397 |     25 |   5378 |  12 |  592.2 |
        Temple |      9 |      1 |      8 |      0 |      0 |   1 |    9.0 |
          Lair |   4345 |   3997 |    348 |    141 |   3030 |   5 |  869.0 |
       Ossuary |    195 |    195 |      0 |      0 |    107 |   1 |  195.0 |
      Ice Cave |    274 |    274 |      0 |      0 |     66 |   1 |  274.0 |
      Gauntlet |    435 |    435 |      0 |     41 |     63 |   1 |  435.0 |
               +--------+--------+--------+--------+--------+-----+--------+

Top non-repeatable levels by time:
  Lair:5: 1210 daAuts
     D:8: 1132 daAuts
  Lair:4: 1099 daAuts
  Lair:1: 954 daAuts
  Lair:3: 925 daAuts
     D:7: 861 daAuts
     D:5: 860 daAuts
     D:1: 771 daAuts
    D:11: 576 daAuts
     D:9: 567 daAuts
     D:2: 536 daAuts
     D:3: 516 daAuts
     D:6: 441 daAuts
Gauntlet: 435 daAuts
     D:4: 433 daAuts
